 Dungeon Crawl Stone Soup version 0.28.0 (webtiles) character file.

Game seed: 17174885412874470976

2 Sanktem7 the Covert (level 1, -5/23 HPs)
             Began as a Gnoll Delver on Feb 13, 2022.
             Slain by an ogre (13 damage)
             ... on level 5 of the Dungeon.
             The game lasted 00:01:10 (133 turns).

Sanktem7 the Covert (Gnoll Delver)                   Turns: 133, Time: 00:01:11

Health: -5/23      AC:  4    Str: 11    XL:     1   Next: 30%
Magic:  1/1        EV: 13    Int:  9    God:
Gold:   23         SH:  0    Dex: 13    Spells: 0/0 levels left

rFire   . . .      SeeInvis .   a - +0 mace
rCold   . . .      Faith    .   (no shield)
rNeg    . . .      Spirit   .   b - +0 leather armour
rPois   .          Reflect  .   (no helmet)
rElec   .          Harm     .   (no cloak)
rCorr   .          Rampage  .   (no gloves)
Will    .....                   i - +0 pair of boots
Stlth   ++++......              (no amulet)
HPRegen 0.07/turn               (no ring)
MPRegen 0.07/turn               (no ring)

@: no status effects
A: fangs 1, strong nose, distributed training
a: no special abilities


You were on level 5 of the Dungeon.
You visited 1 branch of the dungeon, and saw 1 of its levels.

You collected 23 gold pieces.

Inventory:

Hand Weapons
 a - a +0 mace (weapon)
Armour
 b - a +0 leather armour (worn)
 i - a +0 pair of boots (worn)
Wands
 g - a wand of digging (3)
Scrolls
 c - a scroll of fog
 d - a scroll of magic mapping
 e - a scroll of fear
 h - a scroll of amnesia {unknown}
Potions
 f - a potion of haste
 j - 2 potions of berserk rage {unknown}


   Skills:
 + Level 6.4 Fighting
 + Level 0.0 Short Blades
 + Level 0.0 Long Blades
 + Level 0.0 Axes
 + Level 4.4 Maces & Flails
 + Level 0.0 Polearms
 + Level 0.0 Staves
 + Level 0.0 Slings
 + Level 0.0 Bows
 + Level 0.0 Crossbows
 + Level 0.0 Throwing
 + Level 0.0 Armour
 + Level 4.4 Dodging
 + Level 9.5 Stealth
 + Level 0.0 Shields
 + Level 0.0 Unarmed Combat
 + Level 0.0 Spellcasting
 + Level 0.0 Conjurations
 + Level 0.0 Hexes
 + Level 0.0 Summonings
 + Level 0.0 Necromancy
 + Level 0.0 Translocations
 + Level 0.0 Transmutations
 + Level 0.0 Fire Magic
 + Level 0.0 Ice Magic
 + Level 0.0 Air Magic
 + Level 0.0 Earth Magic
 + Level 0.0 Poison Magic
 + Level 0.1 Invocations
 + Level 0.0 Evocations


You couldn't memorise any spells.
You didn't know any spells.
Your spell library was empty.

Dungeon Overview and Level Annotations

Branches:
Dungeon (5/15)             Temple (0/1) D:5

Altars:

Shops:
D:5 *


Innate Abilities, Weirdness & Mutations

You have very sharp teeth.
Your uncanny sense of smell can sniff out nearby items.
Your experience applies equally to all skills.


Message History

You see here a +0 pair of boots.
i - a +0 pair of boots You start putting on your armour.
You continue putting on your +0 pair of boots. x4
You finish putting on your +0 pair of boots.
Found 2 fuming sapphire potions.
An ogre and an orc come into view.
A dart slug comes into view.
You see here 2 fuming sapphire potions.
j - 2 fuming sapphire potions
Found 8 gold pieces.
The ogre misses you.
You see here 8 gold pieces.
You now have 23 gold pieces (gained 8).
The ogre closely misses you. The ogre hits you with a +0 giant club!
Ouch! That really hurt!
Found a spear.
Found a clear potion. 3 orcs come into view.
The orc shouts!
You hear a shout!
A gnoll comes into view. It is wielding a +0 halberd.
A gnoll comes into view. It is wielding a +0 flail.
The orc moves out of view.
The gnoll shouts!
You hear a shout! x4
The orc shouts!
You hear a shout! x2; The orc shouts!
You hear a shout!
A gnoll shaman comes into view. It is wielding a +0 whip.
You hear a shout!
The gnoll shaman moves out of view.
You hear the slow hiss of a very distant avalanche of sand.
You hear the slow rusting of a distant drain.
The ogre hits you with a +0 giant club.
* * * LOW HITPOINT WARNING * * *
The ogre closely misses you.
A gnoll comes into view. It is wielding a +0 club.
Found 27 bolts.
The ogre closely misses you.
Found 11 gold pieces.
The ogre hits you with a +0 giant club!
Ouch! That really hurt!
You die...

g.oo...#
######.## #.(#
##.# #o## #..#
##..##
#.o..#########
#.8........@.#
#....#######O#
##.#.oo...o..#
#.........≈≈#
###....≈≈≈.≈#
#...≈≈≈≈≈≈#
##$.≈≈##+##
#..≈≈# #.≈≈≈#


You could see an ogre.

Vanquished Creatures
  An orc (D:5)
1 creature vanquished.

Notes
Turn   | Place    | Note
-------+----------+-------------------------------------------
     0 | D:5      | Reached skill level 9 in Stealth
     0 | D:5      | Sanktem7 the Gnoll Delver began the quest for the Orb.
     0 | D:5      | Reached XP level 1. HP: 23/23 MP: 1/1
     4 | D:5      | Found a staircase to the Ecumenical Temple.
     4 | D:5      | Noticed a scorpion
    49 | D:5      | Noticed an ice beast
    49 | D:5      | Noticed an orc wizard
    68 | D:5      | Noticed an ogre
    98 | D:5      | Noticed a gnoll shaman
   133 | D:5      | Slain by an ogre

Illustrated notes

Levels and vault maps discovered:
D:5:      minmay_recursive_quarters, layout_cave_pools,
          mainiacjoe_overflow_paths, grunt_temple_overflow_open,
          general_overflow_altar, minmay_temple_entry_mist,
          nicolae_ossuary_entry_giza, portal_sewer_entry_e, serial_column_ruins,
          column_ruins_square_medium, column_ruins_square_small,
          column_ruins_grid_1, column_ruins_open_tiny,
          column_ruins_columns_dead_end, column_ruins_grid_1,
          column_ruins_corridor_water, nicolae_shop_gadgets, uniq_eustachio

Skill      XL: | |
---------------+-+-----
Stealth        | |  9.5
Fighting       | |  6.4
Maces & Flails | |  4.4
Dodging        | |  4.4
Invocations    | |  0.1

Action                   || total
-------------------------++-------
Melee: Mace              ||     6
       Bite              ||     1
Dodge: Dodged            ||     8
